Sasquatch vs Diablos

Created - February 22, 2020 at 19:14

Goals
1 2 3 T
Sasquatch 0 1 1 2
Diablos 2 1 1 4
Shots
1 2 3 T
Sasquatch 10 13 9 32
Diablos 16 10 6 32

1st period

1. Diablos , Corey Trivino 15 (Cameron Gaunce 16) at 2:32
2. Diablos , Adrian Kempe 11 (Tyler Pitlick 12, Andrei Mironov 10) at 5:12

Penalties :
Brock Trotter (Gat) for Boarding (Minor) at 6:36

2nd period

3. Diablos , Lars Eller 18 (Nick Spaling 26, Corey Trivino 15) at 2:07 (SH)
4. Sasquatch , Jerry D'Amigo 4 (Brock Trotter 11) at 4:52

Penalties :
David Pastrnak (Don) for Kneeing (Minor) at 0:22

3rd period

5. Sasquatch , Petr Straka 18 (T.J. Tynan 11, Jujhar Khaira 22) at 4:23 (PP)
6. Diablos , Nick Spaling 37 (Cameron Gaunce 17, Lars Eller 27) at 19:57 (Empty Net)

Penalties :
David Pastrnak (Don) for Boarding (Minor) at 0:51, Lars Eller (Don) for Hooking (Minor) at 3:47, Patrick Wey (Gat) for Roughing (Minor) at 7:34, Jordan Szwarz (Don) for Tripping (Minor) at 18:58, Ryan Dzingel (Gat) for Interference (Minor) at 19:04

Goalie Stats

Joonas Korpisalo (Gat), 28 saves from 31 shots - (0.903), L, 22-14-3, 59:33 minutes
Kristers Gudlevskis (Don), 30 saves from 32 shots - (0.938), W, 17-17-4, 60:00 minutes

Players Stats for Sasquatch

Player Name              G  A  P  +/- PIM S  H  SB GA TA FO     MP     PP MP  PK MP  
------------------------------------------------------------------------------------
Brett Kulak              0  0  0  -1  0   0  0  2  0  1  0/0    13:58   0:00   1:26 
Brett Pesce              0  0  0   0  0   1  0  1  0  0  0/0    18:26   1:36   0:49 
Brock Trotter            0  1  1  -1  2   0  1  0  1  0  0/0     9:43   0:00   0:32 
Devin Shore              0  0  0  -1  0   1  0  0  0  0  13/29  18:04   2:33   0:13 
Dmitri Orlov             0  0  0  -1  0   1  2  1  0  0  0/0    15:01   1:36   0:30 
Hudson Fasching          0  0  0   0  0   1  1  1  1  0  0/0    12:05   0:00   0:00 
Ian Cole                 0  0  0  -2  0   4  2  2  0  3  0/0    25:00   3:04   1:26 
Jerry D'Amigo            1  0  1  -1  0   3  2  0  0  1  0/0    10:16   0:00   0:59 
Jujhar Khaira            0  1  1   0  0   3  3  1  0  1  0/2    19:20   2:07   1:57 
Martin Marincin          0  0  0  -1  0   0  1  4  1  4  0/0    21:51   0:00   2:32 
Matt Halischuk           0  0  0  -2  0   3  0  0  0  1  0/1    18:46   2:33   0:00 
Patrick Wey              0  0  0  -1  2   0  1  1  0  0  0/0    25:48   3:04   1:13 
Petr Straka              1  0  1   0  0   6  2  0  0  0  0/0    16:43   2:07   0:49 
Quinton Howden           0  0  0  -1  0   0  1  0  0  0  5/11   13:14   0:00   0:00 
Ryan Dzingel             0  0  0  -1  2   1  0  0  0  0  1/1    16:51   2:32   0:30 
Sergey Kalinin           0  0  0   0  0   2  2  0  0  1  6/11   15:41   0:00   1:57 
T.J. Tynan               0  1  1  -1  0   2  1  0  0  1  0/0    11:07   2:07   0:00 
Teemu Hartikainen        0  0  0   0  0   4  2  0  0  0  0/0    13:10   0:00   0:59 

Players Stats for Diablos

Player Name              G  A  P  +/- PIM S  H  SB GA TA FO     MP     PP MP  PK MP  
------------------------------------------------------------------------------------
Adrian Kempe             1  0  1   1  0   4  3  0  3  0  3/6    12:05   0:00   0:00 
Alex Petrovic            0  0  0   1  0   1  2  0  0  0  0/0    15:17   0:00   0:00 
Andrei Mironov           0  1  1   1  0   0  0  0  0  0  0/0    16:52   1:43   0:00 
Brian Dumoulin           0  0  0   1  0   1  1  2  1  0  0/0    20:14   2:15   3:09 
Cameron Gaunce           0  2  2   2  0   2  2  3  0  0  0/0    26:26   1:43   3:09 
Charles Hudon            0  0  0   1  0   0  0  0  0  0  0/0     8:36   0:09   0:00 
Corey Trivino            1  1  2   1  0   4  3  0  0  0  6/7    11:39   0:09   3:01 
Danton Heinen            0  0  0   0  0   2  1  0  0  0  5/8    16:00   1:43   0:07 
David Pastrnak           0  0  0  -1  4   4  2  0  5  1  1/3    17:38   2:00   0:00 
Jiri Sekac               0  0  0   0  0   4  0  0  1  0  0/0    17:12   1:43   1:09 
Jordan Szwarz            0  0  0   0  2   1  3  0  0  1  1/1    15:58   1:43   0:00 
Lars Eller               1  1  2   1  2   2  1  0  1  0  12/27  20:10   2:06   1:32 
Nick Spaling             1  1  2   0  0   2  6  0  0  0  2/3    21:42   2:06   3:01 
Philip Larsen            0  0  0   1  0   0  3  0  1  0  0/0    22:54   0:00   1:31 
Sergey Tolchinsky        0  0  0   1  0   0  0  0  0  1  0/0    12:05   0:00   0:00 
Ty Rattie                0  0  0   1  0   0  1  0  0  0  0/0     8:03   0:00   0:00 
Tyler Pitlick            0  1  1   2  0   4  1  0  1  0  0/0    13:13   0:15   0:30 
Viktor Loov              0  0  0   0  0   1  1  0  0  0  0/0    18:17   2:15   1:31 

3 Stars

1 - Nick Spaling (Don)
2 - Corey Trivino (Don)
3 - Cameron Gaunce (Don)

Power Play

Sasquatch - 1 on 4 Attempt(s) - 25.00%
Diablos - 0 on 3 Attempt(s) - 0.00%

Penalty Kill

Sasquatch - 3 on 3 Attempt(s) - 100.00% - Score 0 goal in Penalty Kill
Diablos - 3 on 4 Attempt(s) - 75.00% - Score 1 goal in Penalty Kill

Team Stat

Sasquatch - Hits : 21 - Faceoff Wins : 25 - Blocked Shots : 13 - Penalty Minutes : 6
Diablos - Hits : 30 - Faceoff Wins : 30 - Blocked Shots : 5 - Penalty Minutes : 8

Official

Referees : Unknown
Linesman : Unknown

Game Notes

Andrei Mironov is injured at 18:16 of 3rd period (Bruised Left Shoulder)
Nick Spaling has scored in a empty net!

Finance

Level 1 -- Attendance: 1939 (96.95%) -- Ticket Income $27,146
Level 2 -- Attendance: 1000 (100.00%) -- Ticket Income $5,000
Total Attendance: 2939 (97.97%)
Total Ticket Income: $32,146
Other Income: $1,607
Total Income: $33,753

Sasquatch

5 vs 5 Forward 
   Center                   Left Wing                Right Wing               Time % Phy DF OF 
 1 Devin Shore              Jujhar Khaira            Matt Halischuk           40     1   2  2  
 2 Sergey Kalinin           Ryan Dzingel             Petr Straka              30     1   2  2  
 3 Quinton Howden           Teemu Hartikainen        Hudson Fasching          20     1   2  2  
 4 T.J. Tynan               Brock Trotter            Jerry D'Amigo            10     1   2  2  

5 vs 5 Defense 
   Defense                  Defense                                           Time % Phy DF OF 
 1 Ian Cole                 Patrick Wey                                       40     1   2  2  
 2 Brett Pesce              Martin Marincin                                   30     1   2  2  
 3 Dmitri Orlov             Brett Kulak                                       20     1   2  2  
 4 Martin Marincin          Patrick Wey                                       10     1   2  2  

PowerPlay Forward 
   Center                   Left Wing                Right Wing               Time % Phy DF OF 
 1 Devin Shore              Ryan Dzingel             Matt Halischuk           60     1   2  2  
 2 T.J. Tynan               Jujhar Khaira            Petr Straka              40     1   2  2  

PowerPlay Defense
   Defense                  Defense                                           Time % Phy DF OF 
 1 Ian Cole                 Patrick Wey                                       60     1   2  2  
 2 Dmitri Orlov             Brett Pesce                                       40     1   2  2  

Penalty Kill 4 Players Forward 
   Center                   Wing                     Time % Phy DF OF 
 1 Sergey Kalinin           Jujhar Khaira            60     1   2  2  
 2 Jerry D'Amigo            Teemu Hartikainen        40     1   2  2  

Penalty Kill 4 Players Defense
   Defense                  Defense                  Time % Phy DF OF 
 1 Patrick Wey              Martin Marincin          60     1   2  2  
 2 Brett Kulak              Ian Cole                 40     1   2  2  

Penalty Kill - 3 Players Forward 
   Forward                                           Time % Phy DF OF 
 1 Brock Trotter                                     60     1   2  2  
 2 Quinton Howden                                    40     1   2  2  

Penalty Kill - 3 Players Defense
   Defense                  Defense                  Time % Phy DF OF 
 1 Ian Cole                 Martin Marincin          60     1   2  2  
 2 Patrick Wey              Brett Kulak              40     1   2  2  

4 vs 4 Forward 
   Center                   Wing                     Time % Phy DF OF 
 1 Quinton Howden           Matt Halischuk           60     1   2  2  
 2 Sergey Kalinin           Jujhar Khaira            40     1   2  2  

4 vs 4 Defense
   Defense                  Defense                  Time % Phy DF OF 
 1 Ian Cole                 Martin Marincin          60     1   2  2  
 2 Patrick Wey              Brett Pesce              40     1   2  2  

Last Minutes Offensive
   Center                   Left Wing                Right Wing               Defense                  Defense                  
   Devin Shore              Jujhar Khaira            Matt Halischuk           Ian Cole                 Dmitri Orlov             

Last Minutes Defensive
   Center                   Left Wing                Right Wing               Defense                  Defense                  
   Sergey Kalinin           Teemu Hartikainen        Matt Halischuk           Martin Marincin          Patrick Wey              

Goaltenders
Starting : Joonas Korpisalo         
Backup : Corey Crawford           

Extra Forwards
Normal : Ryan Dzingel, Devin Shore, Petr Straka - PP : Sergey Kalinin, Quinton Howden - PK : Petr Straka
Extra Defensemen
Normal : Dmitri Orlov, Brett Pesce, Brett Kulak - PP : Brett Pesce - PK : Brett Pesce, Dmitri Orlov
Penalty Shots
Devin Shore, Matt Halischuk, Petr Straka, Brock Trotter, Ryan Dzingel

Scratches
Boone Jenner (Healthy), Nikita Nesterov (Healthy), Anton Blidh (Healthy), Christoffer Ehn (Healthy), Dylan Sikura (Healthy)
Alex Lintuniemi (Healthy), Cal Petersen (Healthy)

Diablos

5 vs 5 Forward 
   Center                   Left Wing                Right Wing               Time % Phy DF OF 
 1 Lars Eller               Nick Spaling             David Pastrnak           40     0   1  4  
 2 Danton Heinen            Jiri Sekac               Jordan Szwarz            30     0   1  4  
 3 Adrian Kempe             Sergey Tolchinsky        Tyler Pitlick            20     0   2  3  
 4 Corey Trivino            Charles Hudon            Ty Rattie                10     0   3  2  

5 vs 5 Defense 
   Defense                  Defense                                           Time % Phy DF OF 
 1 Cameron Gaunce           Philip Larsen                                     40     0   2  3  
 2 Brian Dumoulin           Viktor Loov                                       30     0   2  3  
 3 Andrei Mironov           Alex Petrovic                                     20     0   3  2  
 4 Cameron Gaunce           Philip Larsen                                     10     0   2  3  

PowerPlay Forward 
   Center                   Left Wing                Right Wing               Time % Phy DF OF 
 1 Lars Eller               Nick Spaling             David Pastrnak           60     0   0  5  
 2 Danton Heinen            Jiri Sekac               Jordan Szwarz            40     0   0  5  

PowerPlay Defense
   Defense                  Defense                                           Time % Phy DF OF 
 1 Brian Dumoulin           Viktor Loov                                       60     0   1  4  
 2 Andrei Mironov           Cameron Gaunce                                    40     0   1  4  

Penalty Kill 4 Players Forward 
   Center                   Wing                     Time % Phy DF OF 
 1 Corey Trivino            Nick Spaling             60     1   4  0  
 2 Lars Eller               Tyler Pitlick            40     1   4  0  

Penalty Kill 4 Players Defense
   Defense                  Defense                  Time % Phy DF OF 
 1 Brian Dumoulin           Cameron Gaunce           60     1   4  0  
 2 Philip Larsen            Viktor Loov              40     1   4  0  

Penalty Kill - 3 Players Forward 
   Forward                                           Time % Phy DF OF 
 1 Corey Trivino                                     60     0   5  0  
 2 Lars Eller                                        40     0   5  0  

Penalty Kill - 3 Players Defense
   Defense                  Defense                  Time % Phy DF OF 
 1 Philip Larsen            Cameron Gaunce           60     0   5  0  
 2 Alex Petrovic            Viktor Loov              40     0   5  0  

4 vs 4 Forward 
   Center                   Wing                     Time % Phy DF OF 
 1 Lars Eller               Nick Spaling             60     0   2  3  
 2 Adrian Kempe             David Pastrnak           40     0   2  3  

4 vs 4 Defense
   Defense                  Defense                  Time % Phy DF OF 
 1 Cameron Gaunce           Philip Larsen            60     0   2  3  
 2 Alex Petrovic            Viktor Loov              40     0   2  3  

Last Minutes Offensive
   Center                   Left Wing                Right Wing               Defense                  Defense                  
   Lars Eller               Nick Spaling             David Pastrnak           Cameron Gaunce           Philip Larsen            

Last Minutes Defensive
   Center                   Left Wing                Right Wing               Defense                  Defense                  
   Lars Eller               Nick Spaling             Jordan Szwarz            Cameron Gaunce           Philip Larsen            

Goaltenders
Starting : Kristers Gudlevskis      
Backup : Joni Ortio               

Extra Forwards
Normal : Nick Spaling, David Pastrnak, Jordan Szwarz - PP : Nick Spaling, Lars Eller - PK : Lars Eller
Extra Defensemen
Normal : Cameron Gaunce, Philip Larsen, Alex Petrovic - PP : Cameron Gaunce - PK : Philip Larsen, Cameron Gaunce
Penalty Shots
Nick Spaling, Lars Eller, Jordan Szwarz, David Pastrnak, Tyler Pitlick

Scratches
Peter Holland (Healthy), Jamie Devane (Healthy), Matt Lindblad (Healthy), Tyler Lewington (Healthy), Tobias Lindberg (Healthy)
Andrey Pedan (Healthy), Stuart Percy (Healthy), Anthony Camara (Healthy), Branden Troock (Healthy), Riley Nash (Healthy)
Jakub Vrana (Healthy), Dominic Turgeon (Healthy), Jack Glover (Healthy), Ryan MacInnis (Healthy), Matt Tomkins (Healthy)

% Time on Ice - Sasquatch

Lines # - Real PCT - Wanted PCT - Time Play
Normal Forward
1 - 30% - 40% - 15:13
2 - 28% - 30% - 14:07
3 - 24% - 20% - 12:05
4 - 18% - 10% - 8:57
Normal Defense
1 - 39% - 40% - 19:26
2 - 32% - 30% - 16:07
3 - 25% - 20% - 12:26
4 - 5% - 10% - 2:23
PP Forward
1 - 55% - 60% - 2:33
2 - 45% - 40% - 2:07
PP Defense
1 - 66% - 60% - 3:04
2 - 34% - 40% - 1:36
PK Forward
1 - 75% - 60% - 2:59
2 - 25% - 40% - 0:59
PK Defense
1 - 64% - 60% - 2:32
2 - 36% - 40% - 1:26
PK3 Forward
1 - 0% - 60%
2 - 0% - 40%
PK3 Defense
1 - 0% - 60%
2 - 0% - 40%
44 Forward
1 - 100% - 60% - 0:55
2 - 0% - 40% - 0:00
44 Defense
1 - 100% - 60% - 0:55
2 - 0% - 40% - 0:00
Last Minute Offensive  - 0:05
Last Minute Defensive  - 0:00
Total
Forward - 60:00
Defense - 60:00

% Time on Ice - Diablos

Lines # - Real PCT - Wanted PCT - Time Play
Normal Forward
1 - 31% - 40% - 15:40
2 - 29% - 30% - 14:34
3 - 24% - 20% - 12:05
4 - 16% - 10% - 8:03
Normal Defense
1 - 35% - 40% - 17:42
2 - 29% - 30% - 14:47
3 - 30% - 20% - 14:53
4 - 6% - 10% - 3:00
PP Forward
1 - 57% - 60% - 2:15
2 - 43% - 40% - 1:43
PP Defense
1 - 57% - 60% - 2:15
2 - 43% - 40% - 1:43
PK Forward
1 - 89% - 60% - 4:10
2 - 11% - 40% - 0:30
PK Defense
1 - 68% - 60% - 3:09
2 - 33% - 40% - 1:31
PK3 Forward
1 - 0% - 60%
2 - 0% - 40%
PK3 Defense
1 - 0% - 60%
2 - 0% - 40%
44 Forward
1 - 100% - 60% - 0:55
2 - 0% - 40% - 0:00
44 Defense
1 - 100% - 60% - 0:55
2 - 0% - 40% - 0:00
Last Minute Offensive  - 0:00
Last Minute Defensive  - 0:05
Total
Forward - 60:00
Defense - 60:00

Play-by-Play

1st period


0:01 of 1st period - Lars Eller wins face-off versus Devin Shore in neutral zone.
0:04 of 1st period - Wrist shot by David Pastrnak.
0:04 of 1st period - Stopped by Joonas Korpisalo without a rebound.
0:05 of 1st period - Nick Spaling wins face-off versus Jujhar Khaira in Sasquatch zone.
0:20 of 1st period - Slapshot by David Pastrnak.
0:20 of 1st period - Stopped by Joonas Korpisalo with a rebound.
1:11 of 1st period - Ian Cole is hit by Corey Trivino and loses puck.
1:16 of 1st period - Snap shot by Corey Trivino.
1:16 of 1st period - Stopped by Joonas Korpisalo without a rebound.
1:17 of 1st period - Sergey Kalinin wins face-off versus Lars Eller in Sasquatch zone.
2:08 of 1st period - Slapshot by Teemu Hartikainen.
2:08 of 1st period - Stopped by Kristers Gudlevskis with a rebound.
2:32 of 1st period - Snap shot by Corey Trivino.
2:32 of 1st period - Goal by Corey Trivino - Sasquatch : 0 - Diablos : 1.
2:33 of 1st period - Devin Shore wins face-off versus Lars Eller in neutral zone.
2:46 of 1st period - Snap shot by David Pastrnak.
2:46 of 1st period - Deflect By Lars Eller.
2:46 of 1st period - Shot Hit the Post.
2:46 of 1st period - Puck is out of play.
2:47 of 1st period - Danton Heinen wins face-off versus Sergey Kalinin in Sasquatch zone.
2:48 of 1st period - Snap shot by Jordan Szwarz.
2:48 of 1st period - Stopped by Joonas Korpisalo with a rebound.
3:41 of 1st period - Patrick Wey is hit by Adrian Kempe.
3:48 of 1st period - Off-side.
3:49 of 1st period - Danton Heinen wins face-off versus Sergey Kalinin in neutral zone.
5:03 of 1st period - Martin Marincin is hit by Alex Petrovic and loses puck.
5:12 of 1st period - Slapshot by Adrian Kempe.
5:12 of 1st period - Goal by Adrian Kempe - Sasquatch : 0 - Diablos : 2.
5:13 of 1st period - Lars Eller wins face-off versus Devin Shore in neutral zone.
5:38 of 1st period - Wrist shot by Jordan Szwarz.
5:38 of 1st period - Shot Blocked by Martin Marincin.
5:40 of 1st period - Slapshot by Philip Larsen.
5:40 of 1st period - Shot Misses the Net.
5:42 of 1st period - Slapshot by Cameron Gaunce.
5:42 of 1st period - Shot Misses the Net.
6:36 of 1st period - Minor Penalty to Brock Trotter for Boarding.
6:37 of 1st period - Sergey Kalinin wins face-off versus Lars Eller in Sasquatch zone.
7:03 of 1st period - Brian Dumoulin is hit by Jujhar Khaira and loses puck.
8:36 of 1st period - Penalty to Brock Trotter is over, Brock Trotter is back on ice.
8:39 of 1st period - Icing by Brett Kulak.
8:40 of 1st period - Corey Trivino wins face-off versus Quinton Howden in Sasquatch zone.
8:43 of 1st period - Slapshot by Corey Trivino.
8:43 of 1st period - Stopped by Joonas Korpisalo with a rebound.
9:03 of 1st period - Philip Larsen is hit by Dmitri Orlov and loses puck.
9:10 of 1st period - Snap shot by Viktor Loov.
9:10 of 1st period - Stopped by Joonas Korpisalo with a rebound.
9:12 of 1st period - Wrist shot by Corey Trivino.
9:12 of 1st period - Shot Misses the Net.
9:14 of 1st period - Slapshot by Brian Dumoulin.
9:14 of 1st period - Shot Blocked by Dmitri Orlov.
9:16 of 1st period - Slapshot by Brian Dumoulin.
9:16 of 1st period - Shot Misses the Net.
9:34 of 1st period - Snap shot by Corey Trivino.
9:34 of 1st period - Stopped by Joonas Korpisalo with a rebound.
9:36 of 1st period - Slapshot by Alex Petrovic.
9:36 of 1st period - Deflect By Jerry D'Amigo.
9:36 of 1st period - Stopped by Joonas Korpisalo without a rebound.
9:37 of 1st period - David Pastrnak wins face-off versus Devin Shore in Sasquatch zone.
9:48 of 1st period - Wrist shot by Jujhar Khaira.
9:48 of 1st period - Shot Misses the Net.
9:50 of 1st period - Slapshot by Ian Cole.
9:50 of 1st period - Stopped by Kristers Gudlevskis with a rebound.
9:52 of 1st period - Slapshot by Patrick Wey.
9:52 of 1st period - Shot Misses the Net.
10:02 of 1st period - Patrick Wey is hit by Jordan Szwarz and loses puck.
10:11 of 1st period - Wrist shot by Jiri Sekac.
10:11 of 1st period - Shot Misses the Net.
10:25 of 1st period - Snap shot by Adrian Kempe.
10:25 of 1st period - Stopped by Joonas Korpisalo without a rebound.
10:26 of 1st period - Adrian Kempe wins face-off versus Quinton Howden in Sasquatch zone.
10:37 of 1st period - Snap shot by Quinton Howden.
10:37 of 1st period - Shot Blocked by Cameron Gaunce.
10:39 of 1st period - Slapshot by Martin Marincin.
10:39 of 1st period - Deflect By Hudson Fasching.
10:39 of 1st period - Shot Misses the Net.
10:39 of 1st period - Puck is out of play.
10:40 of 1st period - Devin Shore wins face-off versus Lars Eller in Diablos zone.
10:41 of 1st period - Wrist shot by Matt Halischuk.
10:41 of 1st period - Shot Blocked by Brian Dumoulin.
11:05 of 1st period - Sergey Kalinin is hit by Jordan Szwarz and loses puck.
11:24 of 1st period - Snap shot by Petr Straka.
11:24 of 1st period - Stopped by Kristers Gudlevskis with a rebound.
12:20 of 1st period - Jordan Szwarz is hit by Jujhar Khaira and loses puck.
12:33 of 1st period - Wrist shot by Petr Straka.
12:33 of 1st period - Stopped by Kristers Gudlevskis with a rebound.
12:35 of 1st period - Slapshot by Ian Cole.
12:35 of 1st period - Stopped by Kristers Gudlevskis with a rebound.
12:37 of 1st period - Slapshot by Ian Cole.
12:37 of 1st period - Shot Blocked by Cameron Gaunce.
12:39 of 1st period - Snap shot by Ryan Dzingel.
12:39 of 1st period - Shot Misses the Net.
12:41 of 1st period - Snap shot by Sergey Kalinin.
12:41 of 1st period - Stopped by Kristers Gudlevskis with a rebound.
12:43 of 1st period - Backhand shot by Ian Cole.
12:43 of 1st period - Stopped by Kristers Gudlevskis with a rebound.
12:45 of 1st period - Snap shot by Sergey Kalinin.
12:45 of 1st period - Shot Misses the Net.
14:44 of 1st period - Wrist shot by Sergey Kalinin.
14:44 of 1st period - Deflect By Petr Straka.
14:44 of 1st period - Stopped by Kristers Gudlevskis without a rebound.
14:45 of 1st period - Adrian Kempe wins face-off versus Devin Shore in Diablos zone.
14:54 of 1st period - Wrist shot by Adrian Kempe.
14:54 of 1st period - Stopped by Joonas Korpisalo with a rebound.
15:02 of 1st period - Wrist shot by Tyler Pitlick.
15:02 of 1st period - Shot Blocked by Martin Marincin.
15:08 of 1st period - Snap shot by Tyler Pitlick.
15:08 of 1st period - Stopped by Joonas Korpisalo with a rebound.
15:32 of 1st period - Snap shot by Tyler Pitlick.
15:32 of 1st period - Shot Misses the Net.
15:38 of 1st period - Snap shot by Adrian Kempe.
15:38 of 1st period - Stopped by Joonas Korpisalo without a rebound.
15:39 of 1st period - Sergey Kalinin wins face-off versus David Pastrnak in Sasquatch zone.
15:48 of 1st period - Snap shot by Petr Straka.
15:48 of 1st period - Stopped by Kristers Gudlevskis without a rebound.
15:49 of 1st period - Sergey Kalinin wins face-off versus Lars Eller in Diablos zone.
15:58 of 1st period - Snap shot by Cameron Gaunce.
15:58 of 1st period - Stopped by Joonas Korpisalo with a rebound.
16:00 of 1st period - Slapshot by Philip Larsen.
16:00 of 1st period - Deflect By David Pastrnak.
16:00 of 1st period - Stopped by Joonas Korpisalo without a rebound.
16:01 of 1st period - Sergey Kalinin wins face-off versus Lars Eller in Sasquatch zone.
16:01 of 1st period - Sergey Kalinin is hit by Nick Spaling.
16:07 of 1st period - David Pastrnak is hit by Sergey Kalinin and loses puck.
16:26 of 1st period - Wrist shot by Tyler Pitlick.
16:26 of 1st period - Shot Misses the Net.
16:28 of 1st period - Slapshot by Viktor Loov.
16:28 of 1st period - Shot Misses the Net.
16:39 of 1st period - Snap shot by Sergey Kalinin.
16:39 of 1st period - Stopped by Kristers Gudlevskis with a rebound.
17:03 of 1st period - Slapshot by Corey Trivino.
17:03 of 1st period - Deflect By Petr Straka.
17:03 of 1st period - Shot Misses the Net.
17:03 of 1st period - Puck is out of play.
17:04 of 1st period - Devin Shore wins face-off versus Lars Eller in Sasquatch zone.
17:04 of 1st period - Devin Shore is hit by Cameron Gaunce.
17:14 of 1st period - Matt Halischuk is hit by Nick Spaling and loses puck.
17:54 of 1st period - Matt Halischuk is hit by Tyler Pitlick and loses puck.
18:09 of 1st period - Alex Petrovic is hit by Jerry D'Amigo and loses puck.
18:28 of 1st period - Alex Petrovic is hit by Hudson Fasching and loses puck.
19:09 of 1st period - Patrick Wey is hit by Adrian Kempe and loses puck.
Goals for this period are 0 for Sasquatch vs 2 for Diablos .
Shots for this period are 10 for Sasquatch vs 16 for Diablos .

2nd period


0:01 of 2nd period - Lars Eller wins face-off versus Devin Shore in neutral zone.
0:22 of 2nd period - Minor Penalty to David Pastrnak for Kneeing.
0:23 of 2nd period - Corey Trivino wins face-off versus Devin Shore in Diablos zone.
0:36 of 2nd period - Patrick Wey is hit by Corey Trivino and loses puck.
0:51 of 2nd period - Jujhar Khaira is hit by Nick Spaling and loses puck.
1:18 of 2nd period - Wrist shot by Jiri Sekac.
1:18 of 2nd period - Deflect By Lars Eller.
1:18 of 2nd period - Stopped by Joonas Korpisalo without a rebound.
1:19 of 2nd period - Devin Shore wins face-off versus Lars Eller in Sasquatch zone.
2:07 of 2nd period - Slapshot by Lars Eller.
2:07 of 2nd period - Goal by Lars Eller - Sasquatch : 0 - Diablos : 3.
2:08 of 2nd period - Corey Trivino wins face-off versus Devin Shore in neutral zone.
2:22 of 2nd period - Penalty to David Pastrnak is over, David Pastrnak is back on ice.
2:39 of 2nd period - Snap shot by Teemu Hartikainen.
2:39 of 2nd period - Stopped by Kristers Gudlevskis with a rebound.
2:55 of 2nd period - Snap shot by Adrian Kempe.
2:55 of 2nd period - Deflect By Tyler Pitlick.
2:55 of 2nd period - Stopped by Joonas Korpisalo with a rebound.
2:57 of 2nd period - Snap shot by Brian Dumoulin.
2:57 of 2nd period - Stopped by Joonas Korpisalo without a rebound.
2:58 of 2nd period - Devin Shore wins face-off versus Adrian Kempe in Sasquatch zone.
3:10 of 2nd period - Snap shot by Jujhar Khaira.
3:10 of 2nd period - Stopped by Kristers Gudlevskis with a rebound.
3:12 of 2nd period - Slapshot by Matt Halischuk.
3:12 of 2nd period - Stopped by Kristers Gudlevskis with a rebound.
4:30 of 2nd period - Wrist shot by Teemu Hartikainen.
4:30 of 2nd period - Stopped by Kristers Gudlevskis with a rebound.
4:40 of 2nd period - Snap shot by Jujhar Khaira.
4:40 of 2nd period - Shot Misses the Net.
4:42 of 2nd period - Wrist shot by Jujhar Khaira.
4:42 of 2nd period - Stopped by Kristers Gudlevskis with a rebound.
4:52 of 2nd period - Wrist shot by Jerry D'Amigo.
4:52 of 2nd period - Goal by Jerry D'Amigo - Sasquatch : 1 - Diablos : 3.
4:53 of 2nd period - Danton Heinen wins face-off versus Matt Halischuk in neutral zone.
5:18 of 2nd period - Brett Pesce is hit by Lars Eller and loses puck.
5:53 of 2nd period - Cameron Gaunce is hit by Teemu Hartikainen and loses puck.
6:22 of 2nd period - Snap shot by Cameron Gaunce.
6:22 of 2nd period - Shot Blocked by Brett Kulak.
6:28 of 2nd period - Wrist shot by Jerry D'Amigo.
6:28 of 2nd period - Stopped by Kristers Gudlevskis with a rebound.
6:30 of 2nd period - Slapshot by Jerry D'Amigo.
6:30 of 2nd period - Stopped by Kristers Gudlevskis with a rebound.
6:32 of 2nd period - Slapshot by Brock Trotter.
6:32 of 2nd period - Shot Misses the Net.
6:50 of 2nd period - Snap shot by Sergey Kalinin.
6:50 of 2nd period - Shot Misses the Net.
7:12 of 2nd period - Cameron Gaunce is hit by Teemu Hartikainen and loses puck.
7:23 of 2nd period - Cameron Gaunce is hit by Jujhar Khaira and loses puck.
8:28 of 2nd period - Wrist shot by Danton Heinen.
8:28 of 2nd period - Stopped by Joonas Korpisalo without a rebound.
8:29 of 2nd period - Quinton Howden wins face-off versus Danton Heinen in Sasquatch zone.
8:38 of 2nd period - Snap shot by Teemu Hartikainen.
8:38 of 2nd period - Shot Misses the Net.
8:58 of 2nd period - Backhand shot by Teemu Hartikainen.
8:58 of 2nd period - Stopped by Kristers Gudlevskis with a rebound.
9:07 of 2nd period - Snap shot by Danton Heinen.
9:07 of 2nd period - Shot Blocked by Martin Marincin.
9:09 of 2nd period - Slapshot by Viktor Loov.
9:09 of 2nd period - Shot Misses the Net.
9:11 of 2nd period - Snap shot by Danton Heinen.
9:11 of 2nd period - Shot Blocked by Hudson Fasching.
9:13 of 2nd period - Wrist shot by Danton Heinen.
9:13 of 2nd period - Stopped by Joonas Korpisalo without a rebound.
9:14 of 2nd period - Lars Eller wins face-off versus Devin Shore in Sasquatch zone.
9:17 of 2nd period - Slapshot by David Pastrnak.
9:17 of 2nd period - Stopped by Joonas Korpisalo without a rebound.
9:18 of 2nd period - Devin Shore wins face-off versus Lars Eller in Sasquatch zone.
10:16 of 2nd period - Wrist shot by Jordan Szwarz.
10:16 of 2nd period - Shot Misses the Net.
10:46 of 2nd period - Icing by Andrei Mironov.
10:47 of 2nd period - Devin Shore wins face-off versus Nick Spaling in Diablos zone.
11:38 of 2nd period - Wrist shot by Tyler Pitlick.
11:38 of 2nd period - Stopped by Joonas Korpisalo without a rebound.
11:39 of 2nd period - Quinton Howden wins face-off versus Lars Eller in Sasquatch zone.
11:39 of 2nd period - Quinton Howden is hit by David Pastrnak.
11:57 of 2nd period - Snap shot by Quinton Howden.
11:57 of 2nd period - Shot Misses the Net.
11:59 of 2nd period - Wrist shot by Hudson Fasching.
11:59 of 2nd period - Stopped by Kristers Gudlevskis with a rebound.
12:01 of 2nd period - Snap shot by Teemu Hartikainen.
12:01 of 2nd period - Shot Misses the Net.
12:03 of 2nd period - Snap shot by Quinton Howden.
12:03 of 2nd period - Shot Misses the Net.
12:05 of 2nd period - Slapshot by Martin Marincin.
12:05 of 2nd period - Deflect By Quinton Howden.
12:05 of 2nd period - Shot Misses the Net.
12:05 of 2nd period - Puck is out of play.
12:06 of 2nd period - Devin Shore wins face-off versus Danton Heinen in Diablos zone.
12:11 of 2nd period - Snap shot by Jujhar Khaira.
12:11 of 2nd period - Stopped by Kristers Gudlevskis without a rebound.
12:12 of 2nd period - Danton Heinen wins face-off versus Devin Shore in Diablos zone.
12:19 of 2nd period - Snap shot by Jordan Szwarz.
12:19 of 2nd period - Shot Blocked by Patrick Wey.
12:27 of 2nd period - Slapshot by Patrick Wey.
12:27 of 2nd period - Shot Blocked by Cameron Gaunce.
13:08 of 2nd period - Snap shot by T.J. Tynan.
13:08 of 2nd period - Stopped by Kristers Gudlevskis with a rebound.
14:04 of 2nd period - Viktor Loov is hit by Jerry D'Amigo and loses puck.
14:30 of 2nd period - Jiri Sekac is hit by T.J. Tynan and loses puck.
14:55 of 2nd period - Snap shot by Jordan Szwarz.
14:55 of 2nd period - Shot Blocked by Brett Kulak.
14:57 of 2nd period - Snap shot by Jiri Sekac.
14:57 of 2nd period - Stopped by Joonas Korpisalo with a rebound.
14:59 of 2nd period - Snap shot by Jiri Sekac.
14:59 of 2nd period - Stopped by Joonas Korpisalo without a rebound.
15:00 of 2nd period - Nick Spaling wins face-off versus Devin Shore in Sasquatch zone.
17:46 of 2nd period - Ian Cole is hit by Philip Larsen and loses puck.
18:04 of 2nd period - Icing by David Pastrnak.
18:05 of 2nd period - Sergey Kalinin wins face-off versus Lars Eller in Diablos zone.
18:06 of 2nd period - Wrist shot by Petr Straka.
18:06 of 2nd period - Shot Misses the Net.
18:08 of 2nd period - Wrist shot by Petr Straka.
18:08 of 2nd period - Shot Misses the Net.
18:10 of 2nd period - Snap shot by Petr Straka.
18:10 of 2nd period - Deflect By Ryan Dzingel.
18:10 of 2nd period - Stopped by Kristers Gudlevskis without a rebound.
18:11 of 2nd period - Ryan Dzingel wins face-off versus Adrian Kempe in Diablos zone.
18:12 of 2nd period - Snap shot by Sergey Kalinin.
18:12 of 2nd period - Shot Misses the Net.
18:58 of 2nd period - Brian Dumoulin is hit by Martin Marincin.
Goals for this period are 1 for Sasquatch vs 1 for Diablos .
Shots for this period are 13 for Sasquatch vs 10 for Diablos .

3rd period


0:01 of 3rd period - Devin Shore wins face-off versus Lars Eller in neutral zone.
0:36 of 3rd period - Snap shot by Jiri Sekac.
0:36 of 3rd period - Stopped by Joonas Korpisalo without a rebound.
0:37 of 3rd period - Devin Shore wins face-off versus David Pastrnak in Sasquatch zone.
0:37 of 3rd period - Devin Shore is hit by Nick Spaling.
0:42 of 3rd period - Off-side.
0:43 of 3rd period - Lars Eller wins face-off versus Devin Shore in neutral zone.
0:51 of 3rd period - Minor Penalty to David Pastrnak for Boarding.
0:52 of 3rd period - Devin Shore wins face-off versus Corey Trivino in Diablos zone.
0:54 of 3rd period - Snap shot by Matt Halischuk.
0:54 of 3rd period - Stopped by Kristers Gudlevskis without a rebound.
0:55 of 3rd period - Corey Trivino wins face-off versus Devin Shore in Diablos zone.
2:27 of 3rd period - Matt Halischuk is hit by Corey Trivino and loses puck.
2:51 of 3rd period - Penalty to David Pastrnak is over, David Pastrnak is back on ice.
3:07 of 3rd period - Icing by Brett Pesce.
3:08 of 3rd period - Quinton Howden wins face-off versus Adrian Kempe in Sasquatch zone.
3:47 of 3rd period - Minor Penalty to Lars Eller for Hooking.
3:48 of 3rd period - Corey Trivino wins face-off versus Devin Shore in Diablos zone.
4:19 of 3rd period - Slapshot by Jujhar Khaira.
4:19 of 3rd period - Shot Blocked by Brian Dumoulin.
4:21 of 3rd period - Wrist shot by T.J. Tynan.
4:21 of 3rd period - Stopped by Kristers Gudlevskis with a rebound.
4:23 of 3rd period - Slapshot by Petr Straka.
4:23 of 3rd period - Goal by Petr Straka - Sasquatch : 2 - Diablos : 3.
4:24 of 3rd period - Devin Shore wins face-off versus Danton Heinen in neutral zone.
4:26 of 3rd period - Ian Cole is hit by Philip Larsen and loses puck.
4:49 of 3rd period - Philip Larsen is hit by Sergey Kalinin and loses puck.
4:54 of 3rd period - Slapshot by Petr Straka.
4:54 of 3rd period - Stopped by Kristers Gudlevskis with a rebound.
5:21 of 3rd period - Slapshot by Brett Pesce.
5:21 of 3rd period - Shot Misses the Net.
5:37 of 3rd period - Brett Kulak is hit by Danton Heinen and loses puck.
6:08 of 3rd period - Wrist shot by Jujhar Khaira.
6:08 of 3rd period - Shot Misses the Net.
6:37 of 3rd period - Brian Dumoulin is hit by Quinton Howden and loses puck.
6:56 of 3rd period - Slapshot by Devin Shore.
6:56 of 3rd period - Stopped by Kristers Gudlevskis without a rebound.
6:57 of 3rd period - Jordan Szwarz wins face-off versus Devin Shore in Diablos zone.
7:07 of 3rd period - Backhand shot by Brett Pesce.
7:07 of 3rd period - Deflect By Jordan Szwarz.
7:07 of 3rd period - Stopped by Kristers Gudlevskis without a rebound.
7:08 of 3rd period - Lars Eller wins face-off versus Devin Shore in Diablos zone.
7:13 of 3rd period - Martin Marincin is hit by Nick Spaling and loses puck.
7:22 of 3rd period - Wrist shot by Lars Eller.
7:22 of 3rd period - Deflect By David Pastrnak.
7:22 of 3rd period - Shot Blocked by Brett Pesce.
7:22 of 3rd period - Puck is out of play.
7:23 of 3rd period - Danton Heinen wins face-off versus Sergey Kalinin in Sasquatch zone.
7:32 of 3rd period - Wrist shot by Jordan Szwarz.
7:32 of 3rd period - Deflect By Jiri Sekac.
7:32 of 3rd period - Stopped by Joonas Korpisalo with a rebound.
7:34 of 3rd period - Minor Penalty to Patrick Wey for Roughing.
7:35 of 3rd period - Lars Eller wins face-off versus Sergey Kalinin in Sasquatch zone.
7:38 of 3rd period - Snap shot by David Pastrnak.
7:38 of 3rd period - Shot Blocked by Jujhar Khaira.
7:40 of 3rd period - Slapshot by Brian Dumoulin.
7:40 of 3rd period - Shot Misses the Net.
8:10 of 3rd period - Slapshot by Jordan Szwarz.
8:10 of 3rd period - Shot Blocked by Martin Marincin.
9:34 of 3rd period - Penalty to Patrick Wey is over, Patrick Wey is back on ice.
9:51 of 3rd period - Hudson Fasching is hit by Adrian Kempe and loses puck.
10:10 of 3rd period - T.J. Tynan is hit by Ty Rattie and loses puck.
10:41 of 3rd period - Nick Spaling is hit by Petr Straka and loses puck.
11:39 of 3rd period - Jordan Szwarz is hit by Brock Trotter and loses puck.
11:54 of 3rd period - Viktor Loov is hit by Dmitri Orlov and loses puck.
12:09 of 3rd period - Jiri Sekac is hit by Patrick Wey and loses puck.
12:58 of 3rd period - Brett Pesce is hit by Viktor Loov and loses puck.
13:41 of 3rd period - Slapshot by Dmitri Orlov.
13:41 of 3rd period - Stopped by Kristers Gudlevskis with a rebound.
13:47 of 3rd period - Dmitri Orlov is hit by Alex Petrovic and loses puck.
13:58 of 3rd period - Jujhar Khaira is hit by Brian Dumoulin and loses puck.
14:36 of 3rd period - Patrick Wey is hit by David Pastrnak and loses puck.
14:43 of 3rd period - Snap shot by Ian Cole.
14:43 of 3rd period - Stopped by Kristers Gudlevskis with a rebound.
15:53 of 3rd period - Viktor Loov is hit by Ian Cole and loses puck.
16:15 of 3rd period - Icing by Ryan Dzingel.
16:16 of 3rd period - Lars Eller wins face-off versus Sergey Kalinin in Sasquatch zone.
16:25 of 3rd period - Ryan Dzingel is hit by Nick Spaling and loses puck.
16:41 of 3rd period - Off-side.
16:42 of 3rd period - Adrian Kempe wins face-off versus Quinton Howden in neutral zone.
16:45 of 3rd period - Brett Pesce is hit by Cameron Gaunce and loses puck.
17:04 of 3rd period - Snap shot by Tyler Pitlick.
17:04 of 3rd period - Shot Hit the Post.
18:08 of 3rd period - Martin Marincin is hit by Jordan Szwarz and loses puck.
18:15 of 3rd period - Andrei Mironov is hit by Petr Straka and loses puck.
18:16 of 3rd period - Andrei Mironov from Diablos is injured at 18:16 of 3rd period (Bruised Left Shoulder).
18:17 of 3rd period - Devin Shore wins face-off versus Lars Eller in Diablos zone.
18:28 of 3rd period - Jujhar Khaira is hit by Philip Larsen and loses puck.
18:49 of 3rd period - Snap shot by Tyler Pitlick.
18:49 of 3rd period - Stopped by Joonas Korpisalo with a rebound.
18:51 of 3rd period - Slapshot by Tyler Pitlick.
18:51 of 3rd period - Shot Blocked by Ian Cole.
18:53 of 3rd period - Slapshot by Cameron Gaunce.
18:53 of 3rd period - Stopped by Joonas Korpisalo without a rebound.
18:54 of 3rd period - Paul Kariya call a timeout for Sasquatch.
18:54 of 3rd period - Lars Eller wins face-off versus Jujhar Khaira in Sasquatch zone.
18:58 of 3rd period - Minor Penalty to Jordan Szwarz for Tripping.
18:59 of 3rd period - Corey Trivino wins face-off versus Devin Shore in Diablos zone.
19:04 of 3rd period - Minor Penalty to Ryan Dzingel for Interference.
19:05 of 3rd period - Quinton Howden wins face-off versus Lars Eller in Sasquatch zone.
19:20 of 3rd period - Snap shot by Nick Spaling.
19:20 of 3rd period - Stopped by Joonas Korpisalo without a rebound.
19:21 of 3rd period - Lars Eller wins face-off versus Quinton Howden in Sasquatch zone.
19:22 of 3rd period - Wrist shot by Nick Spaling.
19:22 of 3rd period - Shot Blocked by Ian Cole.
19:30 of 3rd period - Sasquatch, Joonas Korpisalo is pulled from the net.
19:30 of 3rd period - Snap shot by Quinton Howden.
19:30 of 3rd period - Shot Misses the Net.
19:32 of 3rd period - Slapshot by Ian Cole.
19:32 of 3rd period - Deflect By Matt Halischuk.
19:32 of 3rd period - Shot Misses the Net.
19:32 of 3rd period - Puck is out of play.
19:33 of 3rd period - Lars Eller wins face-off versus Quinton Howden in Diablos zone.
19:33 of 3rd period - Lars Eller is hit by Ian Cole.
19:47 of 3rd period - Snap shot by Matt Halischuk.
19:47 of 3rd period - Stopped by Kristers Gudlevskis without a rebound.
19:48 of 3rd period - Lars Eller wins face-off versus Quinton Howden in Diablos zone.
19:57 of 3rd period - Snap shot by Nick Spaling.
19:57 of 3rd period - Goal by Nick Spaling - Sasquatch : 2 - Diablos : 4.
19:57 of 3rd period - Joonas Korpisalo from Sasquatch was sent back in the game.
19:58 of 3rd period - Quinton Howden wins face-off versus Lars Eller in neutral zone.
Goals for this period are 1 for Sasquatch vs 1 for Diablos .
Shots for this period are 9 for Sasquatch vs 6 for Diablos .